 Dungeon Sprint DCSS version 0.19-a0-1714-gcab94ab (webtiles) character file.

18381 Theye the Fencer (level 12, -4/105 HPs)
             Began as a Mummy Fighter on Sept 28, 2016.
             Killed from afar by a fire dragon (69 damage)
             ... with a blast of flame
             ... in the Dungeon (Sprint IX: "|||||||||||||||||||||||||||||").
             The game lasted 00:08:26 (20192 turns).

Theye the Fencer (Mummy Fighter)                   Turns: 20192, Time: 00:08:27

Health: -4/105     AC: 25    Str: 21    XL:     12   Next: 27%
Magic:  12/12      EV: 12    Int:  9    God:    Xom [*.....]
Gold:   1646       SH: 15    Dex: 19    Spells: 0 memorised, 11 levels left

rFire  x . .     SeeInvis .     i - +4 scimitar (elec)
rCold  + . .     Gourm    .     z - +6 chain mail
rNeg   + + +     Faith    .     c - +2 shield
rPois  ∞         Spirit   .     (no helmet)
rElec  .         Dismiss  .     y - +1 cloak
rCorr  .         Reflect  .     h - +1 pair of gloves
MR     +....     Harm     .     m - +0 pair of boots
Stlth  +......... NoTele   +    (no amulet)
                                k - +3 ring of dexterity
                                l - +3 ring of dexterity

@: no status effects
A: no food or potions, fire vulnerability, cold resistance 1, negative energy
resistance 3, torment resistance, unbreathing
a: Renounce Religion


You were in the Dungeon.
You worshipped Xom.
You were a special plaything of Xom.
You were not hungry.

You visited 1 branch You collected 1953 gold pieces.
You spent 307 gold pieces at shops.

Inventory:

Hand Weapons
 i - a +4 scimitar of electrocution (weapon)
Armour
 c - a +2 shield (worn)
 h - a +1 pair of gloves (worn)
 m - a +0 pair of boots (worn)
 y - a +1 cloak (worn)
 z - a +6 chain mail (worn)
Jewellery
 k - a +3 ring of dexterity (right hand)
 l - a +3 ring of dexterity (left hand)
 u - an uncursed ring of protection from magic
 v - an uncursed ring of protection from magic
 w - an uncursed ring of protection from magic
 x - an uncursed ring of ice
Wands
 g - a wand of iceblast (4/15)
 p - a wand of disintegration (6/24)
Scrolls
 d - 2 scrolls of blinking
 e - 3 scrolls of remove curse
 f - 2 scrolls of amnesia
 n - a scroll of fog
 o - 3 scrolls of recharging
 q - a scroll of fear


   Skills:
 + Level 13.0 Fighting
 * Level 15.7 Long Blades
   Level 2.6 Maces & Flails
 + Level 11.3 Armour
 + Level 7.2 Dodging
 + Level 6.4 Stealth
 + Level 12.1 Shields
 + Level 0.8 Evocations


You had 11 spell levels left.
You didn't know any spells.

Dungeon Overview and Level Annotations

Branches:
Dungeon (1/1)

Altars:
Cheibriados
Dithmenos
Elyvilon
Fedhas
Gozag
Hepliaklqana
Kikubaaqudgha
Makhleb
Nemelex Xobeh
Okawaru
Qazlal
Ru
Sif Muna
Trog
Uskayaw
Vehumet
Xom
Yredelemnul
Zin
The Shining One
Beogh
Jiyva
Lugonu

Shops:
D }?[*


Innate Abilities, Weirdness & Mutations

You do not eat or drink.
Your flesh is vulnerable to fire.
You are immune to poison.
Your flesh is cold resistant. (rC+)
You are immune to negative energy. (rN+++)
You are immune to unholy pain and torment.
You can survive without breathing.


Message History

Your chain mail prevents you from hitting the stone giant.
The stone giant is almost dead.
You hit the stone giant.
The stone giant is almost dead.
The stone giant hits you but does no damage.
You slash the stone giant!
You kill the stone giant!
Your Fighting skill increases to level 13!
Your Shields skill increases to level 12!
The fire dragon barely misses you. You block the fire dragon's attack.
The fire dragon misses you.
Things that are here:
5 large rocks; a stone giant corpse You completely miss the fire dragon.
The fire dragon breathes flames at you. The blast of flame hits you!
The fire burns you terribly!
Xom thinks this is hilarious!
Ouch! That really hurt!
You die...
Xom snickers!

▓'▓.▓†▓_▓.▓.▓.▓N*S*,*,*O ∆* ,
▓!▓.▓†▓_▓.▓.▓'▓,*,*S*,*,*∆* *m
▓.▓.▓†▓.▓.▓.▓.▓N*,*S*,*,*∆*m*,
▓|▓.▓.▓.▓.▓.▓†▓V*,*,*,* *∆ ,*m
▓)▓.▓.▓.▓.▓.▓.▓H* *O*p*,*∆* *
▓.▓.▓.▓.▓∩▓.▓.▓, s*H*u*, ,*,*,
▓.▓.▓.▓[▓.▓.▓)▓y*s*y*o ,* *m*,
▓.▓.▓.▓_▓∩▓.▓5▓, ,*O*p*, *, ,
▓)▓.▓.▓.▓5▓.▓@▓ *S*p*p* *∆* +
▓)▓.▓.▓_▓∩▓.▓D▓T*, s* , ∆*m
▓'▓.▓)▓)▓.▓.▓T▓ *, ,*,*,*∆*, D
▓.▓.▓.▓_▓∩▓.▓u▓C s*,*o* *∆*,*,
▓.▓.▓(▓.▓.▓.▓C▓w*s* D*,*∆
▓.▓.▓'▓.▓.▓.▓u▓y* p*, ∆*D*,
▓.▓.▓%▓)▓)▓.▓G▓G*+ ,*a*,*∆*, D
▓.▓.▓.▓.▓†▓.▓o▓, , ,* * D*∆
▓(▓.▓[▓.▓.▓.▓, , ,


c*p , ,*, You could see a frost giant, a brown very ugly thing, a fire dragon, a
great orb of eyes, a red ugly thing, a deep troll shaman, an orc warrior and a
friendly ufetubus.

Vanquished Creatures
  A stone giant (D)
  Erolcha (D)
  Erica (D)
  4 ogre magi (D)
  An iron troll (D)
  6 deep trolls (D)
  3 orc knights (D)
  2 hill giants (D)
  A manticore (D)
  A black mamba (D)
  3 rime drakes (D)
  5 spiny frogs (D)
  A troll (D)
  2 tyrant leeches (D)
  A slime creature (D)
  2 blink frogs (D)
  2 hippogriffs (D)
  2 wyverns (D)
  A vampire (D)
  2 vampire mosquitoes (D)
  A mottled dragon (D)
  A water moccasin (D)
  2 porcupines (D)
  A black bear (D)
  14 orc warriors (D)
  A sky beast (D)
  A centaur (D)
  A big kobold (D)
  3 crocodiles (D)
  A wight (D)
  4 orc priests (D)
  A hound (D)
  2 orc wizards (D)
  An iguana (D)
  A shadow imp (D)
  2 adder zombies (D)
  6 orcs (D)
  A bat (D)
  A bat skeleton (D)
  A bat zombie (D)
  A giant cockroach (D)
  A hobgoblin (D)
  A jackal (D)
  2 rats (D)
93 creatures vanquished.

Vanquished Creatures (others)
  A spatial maelstrom (D)
  A troll (D)
  A porcupine (D)
3 creatures vanquished.

Grand Total: 96 creatures vanquished

Notes
Turn   | Place    | Note
-------+----------+-------------------------------------------
     0 | D        | Theye the Mummy Fighter began the quest for the Orb.
     0 | D        | Reached XP level 1. HP: 18/18 MP: 1/1
     4 | D        | Banished a spatial maelstrom
    23 | D        | Noticed a hound
    32 | D        | Reached XP level 2. HP: 25/25 MP: 2/2
    40 | D        | Reached XP level 3. HP: 20/31 MP: 3/3
    60 | D        | Found a roughly hewn altar of Beogh.
    60 | D        | Found a snail-covered altar of Cheibriados.
    60 | D        | Found a shadowy altar of Dithmenos.
    60 | D        | Found a white marble altar of Elyvilon.
    60 | D        | Found a blossoming altar of Fedhas.
    60 | D        | Found an opulent altar of Gozag.
    61 | D        | Found a hazy altar of Hepliaklqana.
    62 | D        | Found a viscous altar of Jiyva.
    63 | D        | Found an ancient bone altar of Kikubaaqudgha.
    64 | D        | Found a corrupted altar of Lugonu.
    65 | D        | Found a burning altar of Makhleb.
    66 | D        | Found a sparkling altar of Nemelex Xobeh.
   129 | D        | Found an iron altar of Okawaru.
   130 | D        | Found a stormy altar of Qazlal.
   131 | D        | Found a sacrificial altar of Ru.
   132 | D        | Found a deep blue altar of Sif Muna.
   133 | D        | Found a bloodstained altar of Trog.
   134 | D        | Found a hide-covered altar of Uskayaw.
   135 | D        | Found a radiant altar of Vehumet.
   136 | D        | Found a shimmering altar of Xom.
   137 | D        | Found a basalt altar of Yredelemnul.
   138 | D        | Found a glowing silver altar of Zin.
   139 | D        | Found a glowing golden altar of the Shining One.
   144 | D        | Became a worshipper of Xom of Chaos
   194 | D        | Noticed a big kobold
   194 | D        | Noticed a black bear
   194 | D        | Noticed a hill giant
   204 | D        | Killed a big kobold
   204 | D        | Reached skill level 5 in Fighting
   204 | D        | Reached skill level 1 in Long Blades
   204 | D        | Reached skill level 1 in Dodging
   204 | D        | Reached skill level 5 in Shields
   204 | D        | Reached XP level 4. HP: 30/39 MP: 4/4
   206 | D        | Killed a black bear
   206 | D        | Reached skill level 2 in Long Blades
   206 | D        | Reached skill level 1 in Stealth
   206 | D        | Reached XP level 5. HP: 37/47 MP: 5/5
   215 | D        | Killed a hill giant
   215 | D        | Reached skill level 4 in Long Blades
   215 | D        | Reached XP level 6. HP: 12/57 MP: 6/6
   215 | D        | Reached XP level 7. HP: 14/63 MP: 7/7
   218 | D        | XOM: silly message
   565 | D        | XOM: medium Divn miscast
  1122 | D        | XOM: divination: detect creatures
  1271 | D        | XOM: harmless Erth miscast
  2469 | D        | XOM is BORED!
  2469 | D        | XOM: stat loss: -2 Str (18/20)
  2898 | D        | XOM: stat loss: -1 Int (5/8)
  3000 | D        | XOM: medium Divn miscast
  3153 | D        | XOM: mild Hex miscast
  3660 | D        | XOM: medium Divn miscast
  3685 | D        | XOM: mild Necr miscast
  3865 | D        | Noticed a slime creature
  3865 | D        | Noticed a wyvern
  3870 | D        | Reached skill level 5 in Long Blades
  3875 | D        | Killed a slime creature
  3875 | D        | Reached skill level 6 in Long Blades
  3875 | D        | XOM: blink monster(s)
  3877 | D        | XOM: silly message
  3879 | D        | XOM: mild Necr miscast
  3880 | D        | Reached XP level 8. HP: 35/70 MP: 8/8
  3889 | D        | XOM: silly message
  4064 | D        | XOM: harmless Chrm miscast
  4370 | D        | XOM: harmless Conj miscast
  4903 | D        | XOM: silly message
  5068 | D        | XOM: divination: detect items
  6310 | D        | XOM: cloud trail
  6393 | D        | XOM: harmless Fire miscast
  6494 | D        | XOM is BORED!
  6494 | D        | XOM: medium Tmut miscast
  6625 | D        | XOM: god gift: 22 gold pieces
  6756 | D        | XOM: cloud trail
  7041 | D        | XOM: harmless Ice miscast
  7803 | D        | XOM: scenery: 1 doors close
  8366 | D        | XOM is BORED!
  8366 | D        | XOM: mild Pois miscast
  8557 | D        | XOM: harmless Hex miscast
  9585 | D        | XOM: divination: detect creatures
  9998 | D        | XOM is BORED!
  9998 | D        | XOM: medium Chrm miscast
 10064 | D        | XOM: cast spell 'Summon Butterflies'
 10298 | D        | XOM: medium Pois miscast
 10329 | D        | XOM: harmless Fire miscast
 10557 | D        | XOM: harmless Erth miscast
 11039 | D        | XOM: medium Hex miscast
 11911 | D        | XOM: harmless Erth miscast
 12133 | D        | XOM: noise
 12674 | D        | XOM is BORED!
 12674 | D        | XOM: summons 4 hostile demons
 13463 | D        | XOM: harmless Ice miscast
 13828 | D        | XOM: harmless Air miscast
 14081 | D        | XOM: harmless Air miscast
 14516 | D        | XOM: harmless Chrm miscast
 15201 | D        | XOM: noise
 15315 | D        | XOM: harmless Tmut miscast
 15444 | D        | XOM is BORED!
 15444 | D        | XOM: summons 4 hostile demons
 16210 | D        | Noticed a spiny frog
 16210 | D        | Noticed a hippogriff
 16210 | D        | Noticed a hippogriff
 16210 | D        | Noticed a spiny frog
 16213 | D        | Reached skill level 7 in Long Blades
 16216 | D        | Noticed a spiny frog
 16217 | D        | Killed a spiny frog
 16220 | D        | Killed a hippogriff
 16221 | D        | Reached skill level 8 in Long Blades
 16225 | D        | Killed a hippogriff
 16231 | D        | Killed a spiny frog
 16231 | D        | Reached XP level 9. HP: 36/76 MP: 9/9
 16236 | D        | Reached skill level 9 in Long Blades
 16242 | D        | Killed a spiny frog
 16500 | D        | Noticed a black mamba
 16500 | D        | Noticed a rime drake
 16500 | D        | Noticed a rime drake
 16507 | D        | Killed a black mamba
 16507 | D        | Reached skill level 10 in Long Blades
 16513 | D        | XOM: god gift: 5 fruits
 16520 | D        | XOM: noise
 16522 | D        | Noticed a rime drake
 16529 | D        | Killed a rime drake
 16529 | D        | Reached skill level 5 in Dodging
 16533 | D        | Killed a rime drake
 16540 | D        | XOM: potion effect (invisibility)
 16542 | D        | Reached XP level 10. HP: 41/84 MP: 10/10
 16547 | D        | Reached skill level 11 in Long Blades
 16739 | D        | Noticed a spiny frog
 16742 | D        | Noticed a spiny frog
 16743 | D        | Killed a spiny frog
 16745 | D        | XOM: confuse monster(s)
 16749 | D        | Reached skill level 10 in Fighting
 16757 | D        | Killed a spiny frog
 16770 | D        | Reached skill level 12 in Long Blades
 16830 | D        | Noticed Erica
 16839 | D        | Killed Erica
 16839 | D        | Reached skill level 5 in Stealth
 16839 | D        | Reached skill level 10 in Shields
 16848 | D        | Noticed Erolcha
 16848 | D        | XOM: divination: detect creatures
 16852 | D        | XOM: divination: detect items
 16863 | D        | Killed Erolcha
 16916 | D        | Noticed an orc knight
 16916 | D        | Noticed an orc knight
 16922 | D        | Reached skill level 13 in Long Blades
 16924 | D        | XOM: fog
 16930 | D        | XOM: confuse monster(s)
 17016 | D        | XOM: harmless Hex miscast
 17585 | D        | XOM: harmless Chrm miscast
 18078 | D        | XOM: scenery: create altars
 18165 | D        | XOM: summons 4 hostile shadow creatures
 18174 | D        | XOM: fake destruction
 18183 | D        | Killed an orc knight
 18183 | D        | Reached skill level 10 in Armour
 18183 | D        | Reached XP level 11. HP: 89/92 MP: 11/11
 18280 | D        | XOM: divination: magic mapping
 18291 | D        | XOM: enchant monster (bad)
 18304 | D        | Killed an orc knight
 18347 | D        | Noticed an orc knight
 18367 | D        | XOM: summons friendly iron imp
 18368 | D        | XOM: summons 2 friendly demons
 18422 | D        | XOM: summons friendly white imp
 18423 | D        | XOM: cleaving
 18494 | D        | Killed an orc knight
 18516 | D        | XOM: scenery: create altars
 18559 | D        | Reached skill level 14 in Long Blades
 18722 | D        | XOM: potion effect (agility)
 18738 | D        | XOM: mild Tmut miscast
 18979 | D        | Found Ubuloupo's Gadget Emporium.
 18979 | D        | Noticed a deep troll
 18979 | D        | Noticed an ogre mage
 18979 | D        | Noticed a deep troll
 18979 | D        | Noticed a deep troll
 18983 | D        | XOM: summons 2 friendly demons
 18999 | D        | XOM: summons friendly ufetubus
 19000 | D        | XOM: confuse monster(s)
 19005 | D        | Killed an ogre mage
 19030 | D        | Killed a deep troll
 19038 | D        | Killed a deep troll
 19173 | D        | Killed a deep troll
 19202 | D        | Noticed an ogre mage
 19202 | D        | XOM: noise
 19207 | D        | Noticed an ogre mage
 19212 | D        | Noticed a hill giant
 19215 | D        | XOM: divination: magic mapping
 19216 | D        | Killed an ogre mage
 19217 | D        | Noticed a deep troll
 19221 | D        | Killed an ogre mage
 19221 | D        | Reached skill level 15 in Long Blades
 19229 | D        | Killed a hill giant
 19235 | D        | XOM: fog
 19238 | D        | Killed a deep troll
 19336 | D        | XOM: scenery: 1 doors close
 19538 | D        | XOM: summons 1 hostile demon
 19549 | D        | Noticed an iron troll
 19554 | D        | Noticed a deep troll
 19564 | D        | Killed an iron troll
 19569 | D        | XOM: fog
 19571 | D        | Killed a deep troll
 19571 | D        | Reached XP level 12. HP: 48/103 MP: 12/12
 19750 | D        | Found Nouduo's Magic Scroll Shoppe.
 19752 | D        | Found Beicsit's Armour Emporium.
 19754 | D        | Found Ykku's Assorted Antiques.
 19777 | D        | XOM: cloud trail
 19779 | D        | Bought a scroll of fear for 45 gold pieces
 19779 | D        | Bought a scroll of recharging for 123 gold pieces
 19779 | D        | Bought a scroll of enchant armour for 97 gold pieces
 19779 | D        | Noticed an ogre mage
 19783 | D        | XOM: summons friendly iron imp
 19790 | D        | Killed an ogre mage
 19800 | D        | Bought a scroll labeled XOW SUSID ESU for 21 gold pieces
 19800 | D        | Bought a scroll labeled BEUHU NISTREURO for 21 gold pieces
 19819 | D        | XOM: scenery: create altars
 20156 | D        | XOM: summons friendly ufetubus
 20160 | D        | Noticed a stone giant
 20168 | D        | Noticed a fire dragon
 20171 | D        | Noticed a deep troll shaman
 20177 | D        | Noticed a frost giant
 20177 | D        | XOM: enchant monster (good)
 20180 | D        | XOM: destruction
 20181 | D        | Noticed a great orb of eyes
 20184 | D        | Noticed a brown very ugly thing
 20190 | D        | Killed a stone giant
 20192 | D        | Killed from afar by a fire dragon

Vault maps used:
D:        linesprint

Skill      XL: |  1  2  3  4  5  6  7  8  9 10 11 12 |
---------------+-------------------------------------+-----
Armour         | 3 4 6 7 8 9 10 11 | 11.3
Shields        | 3 5 6 7 8 9 10 11 12 | 12.1
Fighting       | 4 5 6 8 9 10 12 13 | 13.0
Maces & Flails | 2 |  2.6
Long Blades    | 1 2 4 6 8 10 13 15 | 15.7
Dodging        | 1 2 3 4 5 6 7 |  7.2
Stealth        | 1 2 3 5 6 |  6.4
Evocations     | |  0.8

Action                   |  1- 3 |  4- 6 |  7- 9 | 10-12 || total
-------------------------+-------+-------+-------+-------++-------
Melee: Flail             |    43 |       |       |       ||    43
       Scimitar          |    10 |    10 |   133 |   303 ||   456
Evoke: Wand              |       |       |     3 |       ||     3
  Use: Scroll            |       |     1 |     4 |     8 ||    13
 Stab: Invisible         |       |       |     1 |     2 ||     3
       Confused          |       |       |       |     5 ||     5
       Distracted        |       |       |       |     1 ||     1
Armor: Scale mail        |    27 |     1 |    44 |    45 ||   117
       Chain mail        |       |       |       |    13 ||    13
Dodge: Dodged            |    20 |     4 |    33 |    66 ||   123
Block: Shield            |    24 |     3 |    85 |   148 ||   260
